 Dungeon Crawl Stone Soup version 0.29.1-1-gd02db69 (webtiles) character file.

Game seed: 5265628838780304956

61 Vaargak the Shield-Bearer (level 4, 0/37 HPs)
             Began as a Formicid Fighter on Sept 27, 2022.
             Succumbed to Sigmund's poison
             ... on level 2 of the Dungeon.
             The game lasted 00:10:45 (1751 turns).

Vaargak the Shield-Bearer (Formicid Fighter)        Turns: 1751, Time: 00:10:45

Health: 0/37       AC: 12    Str: 23    XL:     4   Next: 27%
Magic:  4/4        EV:  6    Int:  7    God:
Gold:   72         SH:  0    Dex: 13    Spells: 3/3 levels left

rFire   . . .      SeeInvis +   a - +0 trident
rCold   . . .      Faith    .   c - +0 buckler
rNeg    . . .      Spirit   .   k - +0 plate armour
rPois   .          Reflect  .   (helmet unavailable)
rElec   .          Harm     .   (no cloak)
rCorr   .          Rampage  .   d - +0 pair of gloves
Will    .....                   (no boots)
Stlth   ..........              (no amulet)
HPRegen 0.12/turn               (no ring)
MPRegen 0.09/turn               (no ring)

@: confused, lethally poisoned (0 -> -8)
A: permanent stasis, dig shafts and tunnels, antennae 3, four strong arms
a: Dig, Shaft Self


You were on level 2 of the Dungeon.
You visited 1 branch of the dungeon, and saw 2 of its levels.

You collected 72 gold pieces.

Inventory:

Hand Weapons
 a - a +0 trident (weapon)
Armour
 c - a +0 buckler (worn)
 d - a +0 pair of gloves (worn)
 j - an orb of energy
 k - a +0 plate armour (worn)
Scrolls
 g - 2 scrolls of identify
 h - 2 scrolls of magic mapping
 i - a scroll of immolation {unknown}
 l - a scroll of enchant armour {unknown}
Potions
 b - a potion of cancellation {unknown}
 e - a potion of resistance {unknown}
 f - a potion of heal wounds {unknown}
 m - a potion of berserk rage {unknown}


   Skills:
 + Level 3.9 Fighting
 + Level 2.8 Polearms
 + Level 3.9 Armour
 + Level 0.1 Dodging
 + Level 4.4 Shields


You had 3 spell levels left.
You didn't know any spells.
Your spell library was empty.

Dungeon Overview and Level Annotations

Branches:
Dungeon (2/15)

Altars:


Innate Abilities, Weirdness & Mutations

You cannot be hasted, slowed, berserked, paralysed or teleported.
You can dig through walls and to a lower floor.
You have a pair of large antennae on your head. (SInv)
Your four strong arms can wield two-handed weapons with a shield.


Message History

You feel sick. Sigmund hits you but does no damage.
You are more poisoned.
You hit Sigmund but do no damage.
Sigmund is severely wounded.
You feel very sick. You block Sigmund's attack.
You hit Sigmund but do no damage.
Sigmund is severely wounded.
You feel very sick. Sigmund barely misses you.
You puncture Sigmund!
Sigmund is almost dead.
You feel sick.
You closely miss Sigmund.
Sigmund is almost dead.
You feel sick. Sigmund gestures at you while chanting.
You resist with some effort.
Sigmund points at you and mumbles some strange words.
You are confused.
You bump into the rock wall.
You feel sick. Sigmund hits you but does no damage.
You are more poisoned.
You closely miss Sigmund.
Sigmund is almost dead.
You feel very sick.
You bump into the rock wall.
* * * LOW HITPOINT WARNING * * *
You feel very sick. Sigmund gestures at you while chanting.
You are more confused.
You bump into the rock wall.
* * * LOW HITPOINT WARNING * * *
You feel sick.
Sigmund hits you with a +2 scythe of venom!
* * * LOW HITPOINT WARNING * * *
You hit Sigmund.
You kill Sigmund!
Found a ring mail.
You die...

. #..#.# ..## # #
....... #.## # .
#....... #. # ..... ...
... ## .#........ ## #.#
#. . #. #.# #. ..[ #.
#.#######.
#..#.########.....##..
#...@.†.?.##.....##.#
.......#####............
..##....######..........
#.............†.......
....###.######.........
. .##.# #.######## #.###
.. #.# #....#####.. ..#
.....<.@.# #>##


There were no monsters in sight!

Vanquished Creatures
  Sigmund (D:2)
  4 worms (D:2)
  5 orcs (D:2)
  3 ball pythons
  6 endoplasms
  A goblin (D:2)
  3 hobgoblins
  3 quokkas
  A bat (D:2)
  3 frilled lizards (D:1)
  8 kobolds
  5 rats (D:1)
43 creatures vanquished.

Vanquished Creatures (others)
  11 plants (D:1)
11 creatures vanquished.

Grand Total: 54 creatures vanquished

Notes
Turn   | Place    | Note
-------+----------+-------------------------------------------
     0 | D:1      | Vaargak the Formicid Fighter began the quest for the Orb.
     0 | D:1      | Reached XP level 1. HP: 18/18 MP: 1/1
   268 | D:1      | Reached XP level 2. HP: 23/24 MP: 2/2
   960 | D:1      | Reached XP level 3. HP: 27/30 MP: 3/3
  1089 | D:2      | Noticed Sigmund
  1573 | D:2      | Reached XP level 4. HP: 36/37 MP: 4/4
  1751 | D:2      | Killed Sigmund
  1751 | D:2      | Succumbed to Sigmund's poison

Illustrated notes

Levels and vault maps discovered:
D:1:      heliophobic_arrival_enchanted_forest, layout_basic,
          lexackson_kobold_supper
D:2:      layout_rooms, uniq_sigmund

Action                   |  1- 3 |  4- 6 || total
-------------------------+-------+-------++-------
Melee: Trident           |   104 |    29 ||   133
  Use: Potion            |     1 |       ||     1
       Scroll            |       |     1 ||     1
Armor: Scale mail        |    14 |       ||    14
       Plate armour      |    14 |    16 ||    30
Dodge: Dodged            |    27 |     2 ||    29
Block: Buckler           |    24 |     6 ||    30
